Croesus, chaotic male elven Ranger ... ..... ...%I.. ...|<.. |.%).).. ......@. ....... ..)... ..|.| - - Croesus the Trailblazer Experience level: 8 Strength: 16 Dexterity: 12 Constitution: 16 Intelligence: 17 Wisdom: 14 Charisma: 6 Health: 0(65) Energy: 60(60) Def: 8 Gold: 0 Moves: 10363 Dungeon seed: QZyznAwn9i7Vc84E Game ID: Croesus_1603888517 Your Inventory: Weapons d - an uncursed +2 elven spear of warning e - an uncursed +1 elven bow (weapon in hand) p - 66 uncursed +0 arrows v - 17 uncursed poisoned +0 orcish arrows z - an uncursed +0 orcish short sword of lightning (alternate weapon; not wielded) I - 13 uncursed +0 darts L - 52 uncursed +2 elven arrows (in quiver) M - 36 blessed +0 elven arrows Armor l - an uncursed +2 elven cloak (being worn) n - an uncursed +0 orcish helm (being worn) y - a blessed +0 pair of iron shoes (being worn) B - an uncursed +0 elven shield (being worn) Rings g - an uncursed ring of poison immunity (on left hand) i - an uncursed ring of teleport control Wands j - an uncursed wand of speed monster (0:5) D - an uncursed wand of striking (0:7) P - an uncursed wand of cancellation (0:0) R - an uncursed wand of light (0:8) W - an uncursed wand of undead turning (0:2) Y - an uncursed wand of striking (0:4) Tools b - an uncursed bag of holding k - an uncursed skeleton key m - an uncursed mirror E - an uncursed expensive camera (0:58) Contents of the bag of holding: a blessed +0 arrow a cursed +0 arrow an uncursed +0 arrow of frost 10 uncursed +0 darts 11 cursed -1 darts an uncursed +0 dwarvish mattock an uncursed +1 elven dagger an uncursed +0 elven dagger a blessed +2 Uruk-hai shield an uncursed +0 mummy wrapping 9 uncursed food rations 4 uncursed lembas wafers an uncursed pear an uncursed sprig of wolfsbane 6 uncursed tripe rations 2 uncursed scrolls of earth an uncursed scroll of magic mapping an uncursed scroll of recall an uncursed scroll of summoning 3 uncursed scrolls of teleportation a blessed potion of extra healing 2 cursed potions of extra healing a blessed potion of full healing an uncursed potion of full healing an uncursed potion of hallucination an uncursed potion of healing an uncursed potion of object detection a cursed potion of object detection an uncursed potion of paralysis an uncursed ring of levitation a cursed ring of protection from shape changers an uncursed ring of slow digestion an uncursed drum of earthquake (0:7) an uncursed lock pick an uncursed magic marker (0:76) an uncursed sack 7 blessed tallow candles (0:200) 13 uncursed tallow candles (0:200) 7 uncursed wax candles (0:400) an uncursed citrine stone 3 uncursed worthless pieces of black glass an uncursed worthless piece of blue glass 3004 gold pieces Spells and supernatural/magical abilities: Name Level Category Cost Memory o - cone of cold 4 attack 4000pw 96% W - pray for help -- divine ? -- Your skills at the end: Fighting Skills wands [Basic] Weapon Skills dagger [Skilled] bow [Expert] Spellcasting Skills Final Attributes: You were piously aligned. You were immune to sleep. You were immune to poison. You were blinded. You were cancelled. You saw invisible. You had automatic searching. You had infravision. You were stealthy. Mars was noncommittal. You are dead. Vanquished creatures: 2 giant mimics a small mimic 3 stone giants an elf mummy a giant beetle a winter wolf cub an ice vortex 2 gnome kings a gold golem 2 dogs 2 dingos 2 dwarf lords a blue jelly a plains centaur a gnome mummy 6 apes a Woodland-elf 2 wood nymphs a water nymph 9 Uruk-hai a rock piercer a rock mole a pony a fog cloud 3 yellow lights a violet fungus 10 gnome lords 5 gnomish wizards a kobold mummy 2 black naga hatchlings a guardian naga hatchling a gray ooze an elf zombie a straw golem a paper golem 5 giant ants 4 little dogs 2 kittens 12 dwarves a homunculus 2 kobold lords 13 hill orcs 10 rothes 3 rabid rats a centipede 4 giant bats 6 monkeys 3 wererats 2 iguanas 3 killer bees 2 acid blobs 9 coyotes a gas spore 3 hobbits 5 manes a large kobold 4 hobgoblins 11 giant rats 3 brown molds a yellow mold 4 green molds 2 red molds 38 gnomes 12 geckos 6 jackals 3 foxes a kobold 4 goblins 7 sewer rats 6 grid bugs 6 bats 6 lichens a kobold zombie 17 newts 296 creatures vanquished. Voluntary challenges: You had been an atheist until turn 8620. You used a wielded weapon 247 times, starting on turn 163. You read items or engraved 28 times, starting on turn 3273. You never genocided any monsters. You never polymorphed an object. You never changed form. You used no wishes. You never split a pudding. You wrote Elbereth's name 2 times, starting on turn 3273. You never violated your personal moral code. Dungeon overview: The Dungeons of Doom: levels 1 to 10 Level 1 a long staircase Level 2 a fountain Level 3 stairs to The Gnomish Mines Level 4 a fountain Level 5 a fountain Level 6 many fountains Level 7 a general store stairs to Sokoban Level 8 Level 9 some fountains, a sink, a vault Level 10 The Gnomish Mines: levels 4 to 10 Level 4 stairs to The Dungeons of Doom Level 5 Level 6 Level 7 some shops, a temple to Venus, some fountains, a sink Level 8 Level 9 Level 10 <- You were here Sokoban: levels 3 to 6 Level 3 Solved Level 4 Solved Level 5 Solved Level 6 Solved stairs to The Dungeons of Doom History has recorded: On T:1 you entered the Dungeons of Doom to retrieve the Amulet of Yendor! On T:110 you reached level 2 of The Dungeons of Doom. On T:628 you reached level 3 of The Dungeons of Doom. On T:747 you reached level 1 of The Gnomish Mines. On T:1050 you reached level 4 of The Dungeons of Doom. On T:1116 you advanced to experience level 2. On T:1160 you reached level 5 of The Dungeons of Doom. On T:1261 you advanced to experience level 3. On T:1593 you reached level 6 of The Dungeons of Doom. On T:1734 you advanced to experience level 4. On T:2079 you advanced to experience level 5. On T:2470 you reached level 7 of The Dungeons of Doom. On T:2774 you advanced to experience level 6. On T:2796 you reached level 10 of The Dungeons of Doom. On T:2815 you reached level 9 of The Dungeons of Doom. On T:3049 you reached level 8 of The Dungeons of Doom. On T:3552 you reached level 4 of Sokoban. On T:3755 you advanced to experience level 7. On T:4388 you reached level 3 of Sokoban. On T:5415 you reached level 2 of Sokoban. On T:5938 you reached level 1 of Sokoban. On T:7284 you advanced to experience level 8. On T:8201 you reached level 2 of The Gnomish Mines. On T:8202 you reached level 3 of The Gnomish Mines. On T:8485 you reached level 4 of The Gnomish Mines. On T:9645 you reached level 5 of The Gnomish Mines. On T:9820 you reached level 6 of The Gnomish Mines. On T:10358 you reached level 7 of The Gnomish Mines. Score breakdown: Gold: 3004 (11830 points) Experience: 8 levels (14739 points) Exploration: 10 levels ( 20.00%) (12857 points) Discoveries: 49 items ( 16.61%) (12226 points) Valuables value: (no points given unless you survive) Artifact value: 0 ( 0 points) Variety of kills: 74 monsters ( 19.47%) (13238 points) Turncount: 10363 turns (-2431 points) Survival: died (score multiplied by 80%) Total score: 49967 Latest messages: Kyriea zaps a silver wand! The bolt of lightning hits you! You are blinded by the flash! You hear some noises nearby. Kyriea removes a wand from her bag. You hear a distant zap. [2 turns] You shoot 2 elven arrows. The 1st elven arrow hits Kyriea! The 2nd elven arrow hits Kyriea! You hear a distant zap. The elven arrow hits Kyriea! You hear a distant zap. You can't see! (You can feel around with 'grope', typically on ^G.) You hear a distant zap. It butts! It bites! You die... The sack is empty. The sack is empty. Final status: Goodbye Croesus the Ranger, killed by a mumak... You died in The Gnomish Mines on dungeon level 10 with 49967 points, and 3004 pieces of gold, after 10363 moves. You were level 8 with a maximum of 65 hit points when you died.